 Dungeon Sprint DCSS version 0.24-a0-581-gc0fa660 (webtiles) character file.

Game seed: 4821944145508532104

25 silentkaos13 the Covered (level 3, -6/24 HPs)
             Began as a Gargoyle Fighter on Aug 25, 2019.
             Mangled by an ogre
             ... wielding a +0 giant spiked club
              (25 damage)
             ... in the Dungeon (Sprint I: "Red Sonja").
             The game lasted 00:00:12 (31 turns).

silentkaos13 the Covered (Gargoyle Fighter)           Turns: 31, Time: 00:00:12

Health: -6/24      AC: 10    Str: 20    XL:     3   Next: 4%
Magic:  3/3        EV:  7    Int:  8    God:
Gold:   0          SH:  9    Dex:  9    Spells: 2/2 levels left

rFire    . . .     SeeInvis .   a - +0 flail
rCold    . . .     Gourm    .   c - +0 shield
rNeg     + . .     Faith    .   b - +0 scale mail
rPois    ∞         Spirit   .   (no helmet)
rElec    +         Reflect  .   (no cloak)
rCorr    .         Harm     .   (no gloves)
MR       .....     NoTele   +   (no boots)
Stlth    ..........             (no amulet)
HPRegen  0.08/turn              (no ring)
MPRegen  0.08/turn              (no ring)

@: no status effects
A: negative energy resistance 1, electricity resistance, unbreathing,
petrification resistance, rot immunity, AC +3
a: no special abilities


You were in the Dungeon.
You were not hungry.

You visited 1 branch

Inventory:

Hand Weapons
 a - a +0 flail (weapon)
Armour
 b - a +0 scale mail (worn)
 c - a +0 shield (worn)
Wands
 l - a wand of polymorph (9)
Scrolls
 k - a scroll of blinking
Potions
 d - a potion of might
 e - a potion of curing
 g - a potion of heal wounds
 h - a potion of haste
 i - 2 potions of magic
 j - a potion of berserk rage
 m - a potion of flight {unknown}
Comestibles
 f - a ration


   Skills:
 + Level 4.7 Fighting
 + Level 2.3 Maces & Flails
 + Level 4.8 Armour
 + Level 0.4 Stealth
 + Level 4.6 Shields
 + Level 0.6 Unarmed Combat


You had 2 spell levels left.
You didn't know any spells.
Your spell library was empty.

Dungeon Overview and Level Annotations

Branches:
Dungeon (1/1)

Altars:


Innate Abilities, Weirdness & Mutations

You are resistant to torment.
Your stone body is resilient. (AC +3)
You are immune to poison.
You resist negative energy. (rN+)
You are resistant to electric shocks. (rElec)
You can survive without breathing.
You are immune to petrification.
You are immune to rotting.


Message History

You stop sporulating.
Your +0 flail unmelds from your body.
Your +0 shield unmelds from your body.
Your +0 scale mail unmelds from your body.
You block the ogre's attack.
You sock the ogre!
The ogre is heavily wounded.
There is an open door, spattered with blood here.
You block the ogre's attack.
There is an open door, spattered with blood here.
You sock the ogre!
The ogre is almost dead.
You barely miss the ogre.
The ogre is almost dead.
Things that are here:
a cursed +0 leather armour; the goblin corpse of Ijyb Your shield prevents you from hitting the ogre.
The ogre is almost dead.
The ogre hits you with a +0 giant spiked club!!
Ouch! That really hurt!
You die...

##########
#<.#O@'..#
#..'..#..+
#..#####+#
#..# #..#
#..# #⌠⌠#
####


You could see an ogre (confused).

Vanquished Creatures
  Ijyb (D)
1 creature vanquished.

Notes
Turn   | Place    | Note
-------+----------+-------------------------------------------
     0 | D        | silentkaos13 the Gargoyle Fighter began the quest for the
                  | Orb.
     0 | D        | Reached XP level 1. HP: 14/14 MP: 1/1
     1 | D        | Noticed Ijyb
    16 | D        | Killed Ijyb
    16 | D        | Reached XP level 2. HP: 15/20 MP: 2/2
    16 | D        | Reached XP level 3. HP: 18/24 MP: 3/3
    19 | D        | Noticed an ogre
    31 | D        | Mangled by an ogre

Levels and vault maps discovered:
D:        dungeon_sprint_1 [red_sonja_temple_1, red_sonja_temple_small_1]

Skill      XL: |  1 |
---------------+----+-----
Fighting       | 4 |  4.7
Armour         | 4 |  4.8
Shields        | 4 |  4.6
Maces & Flails | |  2.3
Stealth        | |  0.4
Unarmed Combat | |  0.6

Action                   || total
-------------------------++-------
Melee: Unarmed           ||    11
       Flail             ||     7
 Stab: Confused          ||     1
Dodge: Dodged            ||     6
Block: Shield            ||     2

Table legend:
 A = Non-vault XP
 B = Vault XP
 C = Vault XP percentage of total XP
 D = Non-vault monster count
 E = Vault monster count
 F = Vault count percentage of total count
                 A         B        C        D         E       F
            +---------+---------+-------+---------+---------+-------
      Total |       0 |      36 | 100.0 |       0 |       1 | 100.0
            +---------+---------+-------+---------+---------+-------
          D |       0 |      36 | 100.0 |       0 |       1 | 100.0
            +---------+---------+-------+---------+---------+-------
